Unix NetHack Version 5.0.0-0 post-release - last build May 10 2026 23:12:36 (d1fa5d53e341ca933230fdaa984d921c805b60aa,branch:main).

Game began 2026-05-13 13:56:47, ended 2026-05-13 14:30:56.

DiePARTEI, neutral male human Archeologist

                          --------------------------
                          |>......^0^^^^^^^^^^^^^^.|
                          |.....%.----------------.|
                          -------.------         |.|
                           |...........|         |.|
                           |0.0.0...0.0|         |.|
                          --------.----|         |.|
                          |...0...0..0.|         |.|
                          |...0.)q@....|         |.|
                          -----.--------   ------|.|
                           |..0.0.0...|  --|.....|.|
                           |.....0....|  |.+.....|.|
                           |.0.0...0.--  |-|.....|.|
                          -------.----   |.+.....+.|
                          |..0.....|     |-|.....|--
                          |........|     |.+.....|
                          |...------     --|.....|
                          -----            -------
DiePARTEI the Investigator  St:25 Dx:10 Co:15 In:14 Wi:17 Ch:12  Neutral
Dlvl:3  $:0  HP:0(60) Pw:35(35) AC:-6 Xp:7 T:4350  Burdened

Latest messages:
 You have a little trouble lifting n - a fortune cookie.
 With great effort you move the boulder.
 With great effort you move the boulder.
 You try to move the boulder, but in vain.
 With great effort you move the boulder.
 The boulder falls into and plugs a hole in the floor!
 With great effort you move the boulder.
 What do you want to throw? [jVW or ?*] V
 In what direction? 4
 The crude dagger misses the mumak.
 You lash the mumak.
 The mumak butts!
 The mumak misses!
 You miss the mumak.
 You lash the mumak.
 The mumak misses!
 The mumak misses!
 The mumak butts!
 The mumak misses!
 You lash the mumak.
 The mumak butts!
 The mumak bites!
 Are you sure you want to pray? [yn] (n) y
 You begin praying to Camaxtli.
 You are surrounded by a shimmering light.
 The mumak starts to attack you, but pulls back.
 The mumak starts to attack you, but pulls back.
 The mumak starts to attack you, but pulls back.
 You finish your prayer.
 You feel that Camaxtli is well-pleased.
 You feel much better.
 What do you want to throw? [jW or ?*] W
 In what direction? 4
 The dagger misses the mumak.
 The mumak misses!
 The mumak misses!
 In what direction? 4
 The dart hits the mumak!
 The mumak butts!
 The mumak bites!
 You lash the mumak.
 The mumak butts!
 The mumak bites!
 The mumak butts!
 You die...
 Do you want your possessions identified? [ynq] (y) y
 Do you want to see your attributes? [ynq] (y) y
 Do you want an account of creatures vanquished? [ynaq] (y) y
 Do you want to see your conduct and achievements? [ynq] (y) y
 Do you want to see the dungeon overview? [ynq] (y) y

Inventory:
 Amulets  ('"')
  z - an uncursed amulet of guarding (being worn)
  L - an uncursed amulet of reflection
 Weapons  (')')
  j - 4 +0 darts (at the ready)
  a - a +5 bullwhip (weapon in right hand)
 Armor    ('[')
  m - an uncursed +0 orcish helm (being worn)
  A - a blessed greased rustproof +2 pair of gauntlets of power (being worn)
  X - an uncursed +0 pair of iron shoes (being worn)
  p - an uncursed +0 elven shield (being worn)
  J - an uncursed +0 banded mail (being worn)
 Comestibles  ('%')
  h - an uncursed slime mold
  E - 2 uncursed bananas
  D - 2 uncursed candy bars labeled "Om-nom"
  d - 8 uncursed food rations
  n - an uncursed fortune cookie
  b - an uncursed tripe ration
 Scrolls  ('?')
  N - an uncursed scroll of confuse monster
  i - 2 uncursed scrolls of earth
  v - an uncursed scroll of enchant armor
  U - an uncursed scroll of fire
  y - an uncursed scroll of magic mapping
  w - an uncursed scroll of taming
  Y - an uncursed scroll of teleportation
 Spellbooks  ('+')
  Z - a blessed spellbook of cone of cold
  K - an uncursed spellbook of extra healing
  F - an uncursed spellbook of force bolt
 Potions  ('!')
  M - an uncursed potion of fruit juice
  O - an uncursed potion of gain energy
  l - 2 uncursed potions of healing
  S - an uncursed potion of restore ability
  P - a cursed potion of sickness
  G - an uncursed potion of speed
 Rings    ('=')
  u - an uncursed ring of cold resistance
  o - an uncursed ring of fire resistance
  Q - an uncursed -1 ring of protection
 Wands    ('/')
  I - a wand of create monster (0:11)
  t - a wand of locking (0:6)
  r - a cursed wand of nothing (0:6)
 Tools    ('(')
  s - an uncursed sack containing 1 item
  x - an uncursed lock pick
  q - a blessed oil lamp
  R - a blessed oil lamp
  k - an uncursed pair of lenses (being worn)
  e - a +0 pick-axe (alternate weapon; not wielded)
  f - a tinning kit (0:96)
  c - a +0 unicorn horn
 Gems/Stones  ('*')
  T - an uncursed chrysoberyl stone
  B - an uncursed worthless piece of yellowish brown glass
  g - an uncursed touchstone
  C - 6 uncursed rocks

Contents of the sack:
  200 gold pieces

DiePARTEI the Archeologist's attributes:

Background:
 You were an Investigator, a level 7 male human Archeologist.
 You were neutral, on a mission for Camaxtli
 who was opposed by Quetzalcoatl (lawful) and Huhetotl (chaotic).
 You were right-handed.
 You were in Sokoban, on level 3.
 You entered the dungeon 4350 turns ago.
 You had 878 experience points, 402 more were needed to attain level 8.

Basics:
 You had 0 out of 60 hit points.
 You had all 35 energy points (spell power).
 Your armor class was -6.
 Your wallet was empty, but
 you had 200 zorkmids stashed away in your pack.
 Autopickup was off.

Final Characteristics:
 Your strength was 25 (base:9, innate limit:18/100).
 Your dexterity was 10 (limit:18).
 Your constitution was 15 (limit:18).
 Your intelligence was 14 (limit:18).
 Your wisdom was 17 (limit:18).
 Your charisma was 12 (limit:18).

Final Status:
 You weren't hungry.
 You were burdened; movement was slightly slowed.
 You were wielding a whip.
 You were skilled in whip.

Final Attributes:
 You were piously aligned.
 You had automatic searching.
 You were stealthy.
 You had a small defense bonus (+2).
 You were protected.
 Your spell casting was impaired by metallic armor.
 You were lucky.
 You are dead.

Miscellaneous:
 You didn't encounter any bones levels.
 Total elapsed playing time was 34 minutes and 8 seconds.

Major events:
 Turn
    1: DiePARTEI the neutral male human Archeologist entered the dungeon
 1110: made his first wish - "blessed greased fireproof rustproof +2 gauntlets of power", got "a greased pair of padded gloves"
 1320: attained the rank of Field Worker (level 3)
 2647: entered Sokoban
 2987: completed 1st Sokoban level
 3397: completed 2nd Sokoban level
 3463: attained the rank of Investigator (level 6)
 4083: completed 3rd Sokoban level
 4350: killed by a mumak

Spells:
 Name                 Level Category     Fail Retention
 jumping                1   escape       100%  76%-100%
 extra healing          3   healing      100%  76%-100%
 cone of cold           4   attack       100%  76%-100%

Skills:
 Fighting Skills
   bare handed combat [Unskilled]
   two weapon combat  [Unskilled]
   riding             [Unskilled]
 Weapon Skills
   dagger             [Unskilled]
   knife              [Unskilled]
   pick-axe           [Basic]
   short sword        [Unskilled]
   saber              [Unskilled]
   club               [Unskilled]
   quarterstaff       [Unskilled]
   sling              [Unskilled]
   dart               [Unskilled]
   boomerang          [Unskilled]
   whip               [Skilled]
   unicorn horn       [Unskilled]
 Spellcasting Skills
   attack spells      [Unskilled]
   healing spells     [Unskilled]
   divination spells  [Unskilled]
   matter spells      [Unskilled]

Voluntary challenges:
 Character rerolling was not enabled.
 You never genocided any monsters.
 You never polymorphed an object.
 You never changed form.
 You used 1 wish.
 You did not wish for any artifacts.
 You did not violate any of the special Sokoban rules.
Achievements:
 You entered a shop.
 You attained the rank of Field Worker.
 You entered Sokoban.
 You attained the rank of Investigator.

 The Dungeons of Doom: levels 1 to 7
    Level 1:
       Many fountains.
    Level 2:
       A general store, some fountains.
    Level 3:
       An altar to Camaxtli, some fountains.
    Level 4:
       Some fountains.
    Level 5:
       A fountain.
    Level 6:
    Level 7:
       Stairs up to Sokoban, level 6.
 Sokoban: levels 6 up to 3
    Level 3: <- You were here.
       Unsolved.
       Final resting place for
          you, killed by a mumak.
    Level 4:
       Solved.
    Level 5:
       Solved.
    Level 6:
       Solved.


Vanquished creatures:
  a small mimic
  a tiger
 an ochre jelly
  a giant beetle
  a quivering blob
  a cockatrice
  a panther
  a gnome ruler
  a dingo
  a dog
  a jaguar
  a white unicorn
  a raven
  2 Woodland-elves
  a wood nymph
  2 rock piercers
  a yellow light
  2 gray oozes
  a giant ant
  a little dog
  a dwarf
  a homunculus
  a rabid rat
  a centipede
  3 orc zombies
  a dwarf zombie
  2 iguanas
 an acid blob
  a hobbit
  7 manes
  a large kobold
  2 cave spiders
  a yellow mold
  3 geckos
  8 jackals
  3 kobolds
  2 goblins
  2 sewer rats
  3 grid bugs
  a bat
  6 lichens
  a kobold zombie
  2 newts
77 creatures vanquished.

No species were genocided or became extinct.

Game over:
                       ----------
                      /          \
                     /    REST    \
                    /      IN      \
                   /     PEACE      \
                  /                  \
                  |    DiePARTEI     |
                  |      200 Au      |
                  |   killed by a    |
                  |      mumak       |
                  |                  |
                  |                  |
                  |       2026       |
                 *|     *  *  *      | *
        _________)/\\_//(\/(/\)/\//\/|_)_______

Goodbye DiePARTEI the Archeologist...

You died in Sokoban on dungeon level 3 with 4002 points,
and 200 pieces of gold, after 4350 moves.
You were level 7 with a maximum of 60 hit points when you died.

